 Dungeon Crawl Stone Soup version 0.28-a0-706-gf6f64a616a (webtiles) character file.

Game seed: 9898139643056012444

0 spiderkeys the Ducker (level 1, -31/13 HPs)
             Began as a Deep Elf Abyssal Knight on Oct 25, 2021.
             Was a Follower of Lugonu.
             Annihilated by a tentacled starspawn (37 damage)
             ... on level 2 of the Abyss.
             The game lasted 00:00:23 (63 turns).

spiderkeys the Ducker (Deep Elf Abyssal Knight)       Turns: 63, Time: 00:00:23

Health: -31/13     AC:  3    Str: 10    XL:     1   Next: 0%
Magic:  4/4        EV: 12    Int: 14    God:    Lugonu [*.....]
Gold:   12         SH:  0    Dex: 15    Spells: 0/0 levels left

rFire   . . .      SeeInvis .   a - +1 falchion
rCold   . . .      Faith    .   (no shield)
rNeg    . . .      Spirit   .   b - +0 leather armour
rPois   .          Reflect  .   (no helmet)
rElec   .          Harm     .   (no cloak)
rCorr   .          Rampage  .   (no gloves)
Will    .....                   (no boots)
Stlth   +.........              (no amulet)
HPRegen 0.04/turn               (no ring)
MPRegen 0.09/turn               (no ring)

@: no status effects
A: no striking features
a: Renounce Religion, Depart the Abyss


You were on level 2 of the Abyss.
You worshipped Lugonu.
Lugonu was aware of your devotion.
You visited 0 branches of the dungeon, and saw 0 of its levels.
You visited the Abyss 1 time.

You collected 12 gold pieces.


   Skills:
 + Level 2.4 Fighting
 + Level 1.7 Long Blades
 + Level 0.7 Armour
 + Level 2.4 Dodging
 + Level 2.0 Invocations


You couldn't memorise any spells.
You didn't know any spells.
Your spell library was empty.

Inventory:

Hand Weapons
 a - a +1 falchion (weapon)
Missiles
 c - 5 silver javelins
Armour
 b - a +0 leather armour (worn)

Dungeon Overview and Level Annotations

Branches:
Dungeon (0/15)

Altars:

...### ..###
.#.....#.....#.
#.......... ...
##............ .
..#....... .....
#......#.. ..#.
#.#...## ...###
#......#.....#.
#...@..........
###..X##......##
#.....##......#
#.....X.........
##.......X......
#.....?........
##............ .
#...(....... ..
#...........


You could see a tentacled starspawn and a large abomination.


Message History

🤖 Initializing magus.rc ... ✅ Successfully initialized magus.rc [v1.9.10] Welcome, spiderkeys the Deep Elf Abyssal Knight.
The magnificent Orb of Zot lies far below, as if waiting for you to find it.
Lugonu says: Depart the Abyss and spread corruption, my servant! (use the ability menu to exit the Abyss) Press ? for a list of commands and other information.
Found a corrupted altar of Lugonu.
Found a gateway leading deeper into the Abyss.
Unknown command.
There is a gateway leading deeper into the Abyss here.
You plunge deeper into the Abyss.
You now have 12 gold pieces.
Found a gateway leading deeper into the Abyss.
There is a gateway leading deeper into the Abyss here.
A blink frog comes into view.
c - 6 silver javelins A tentacled starspawn comes into view.
A tentacle flies out from the starspawn's body!
A starspawn tentacle comes into view.
A large abomination comes into view.
You see here 16 arrows.
You aren't carrying any items that you can evoke.
Unknown command.
Throw: 6 javelins (silver)
Press: ? - help, Shift-Dir - straight line, f - tentacled starspawn
Aim: a tentacled starspawn (78% to hit)
You throw a silver javelin.
The silver javelin barely misses the tentacled starspawn.
The tentacled starspawn barely misses you.
The tentacled starspawn tentacle-slaps you!
Ouch! That really hurt!
* * * LOW HITPOINT WARNING * * *
The tentacled starspawn bites you!!!
Ouch! That really hurt!
You die...

Action                   || total
-------------------------++-------
Throw: Javelin           ||     1
Dodge: Dodged            ||     1

Levels and vault maps discovered:
Abyss:2:  base:
Temple

Notes
Turn   | Place    | Note
-------+----------+-------------------------------------------
     0 | Abyss:1  | spiderkeys the Deep Elf Abyssal Knight began the quest for
                  | the Orb.
     0 | Abyss:1  | Reached XP level 1. HP: 13/13 MP: 4/4
     0 | Abyss:1  | magus.rc [v1.9.10]
    50 | Abyss:2  | Noticed a blink frog
    56 | Abyss:2  | Noticed a tentacled starspawn
    60 | Abyss:2  | Noticed a large abomination
    63 | Abyss:2  | Annihilated by a tentacled starspawn

Vanquished Creatures (others)
  2 starspawn tentacles (Abyss:2)
2 creatures vanquished.

Table legend:
 A = Non-vault XP
 B = Vault XP
 C = Vault XP percentage of total XP
 D = Non-vault monster count
 E = Vault monster count
 F = Vault count percentage of total count
                 A         B        C        D         E       F
            +---------+---------+-------+---------+---------+-------
      Total |       0 |       0 |   N/A |       0 |       0 |  -nan
            +---------+---------+-------+---------+---------+-------
            +---------+---------+-------+---------+---------+-------

Illustrated notes

Table legend: (Time is in decaauts)
 A = Elapsed time spent in this place.
 B = Non-inter-level travel time spent in this place.
 C = Inter-level travel time spent in this place.
 D = Time resting spent in this place.
 E = Time spent auto-exploring this place.
 F = Levels seen in this place.
 G = Mean time per level.
                   A        B        C        D        E       F      G
               +--------+--------+--------+--------+--------+-----+--------+
         Total |     62 |     62 |      0 |      0 |      0 |   2 |   31.0 |
         Abyss |     62 |     62 |      0 |      0 |      0 |   2 |   31.0 |
               +--------+--------+--------+--------+--------+-----+--------+

Top non-repeatable levels by time:
 Abyss:2: 40 daAuts
 Abyss:1: 22 daAuts
